 Dungeon Crawl Stone Soup version 0.27-a0-277-g024f7ef292 (webtiles) character file.

Game seed: 14292402522235194677

1430 KristoblXynda the Carver (level 8, -2/70 HPs)
             Began as a Grey Draconian Gladiator on Feb 7, 2021.
             Was a Follower of Ashenzari.
             Slain by Majang's ghost (4 damage)
             ... on level 6 of the Dungeon.
             The game lasted 00:07:08 (6277 turns).

KristoblXynda the Carver (Grey Draconian Gladiator) Turns: 6277, Time: 00:07:08

Health: -2/70      AC: 13    Str: 18    XL:     8   Next: 45%
Magic:  8/8        EV: 14    Int: 10    God:    Ashenzari [*.....]
Gold:   343        SH:  0    Dex: 12    Spells: 7/7 levels left

rFire    . . .     SeeInvis .   a - +1 long sword
rCold    . . .     Faith    .   (no shield)
rNeg     . . .     Spirit   .   (armour unavailable)
rPois    +         Reflect  .   b - +0 hat
rElec    .         Harm     .   (no cloak)
rCorr    .         Rampage  .   (no gloves)
Will     .....                  v - +1 pair of boots
Stlth    +.........             (no amulet)
HPRegen  0.21/turn              j - ring of poison resistance (curse)
MPRegen  0.11/turn              (no ring)

@: mighty
A: walk through water, unfitting armour, unbreathing, cold-blooded, AC +11
a: Renounce Religion, Curse Item, Scrying


You were on level 6 of the Dungeon.
You worshipped Ashenzari.
Ashenzari was aware of your devotion.
You visited 1 branch of the dungeon, and saw 6 of its levels.

You collected 343 gold pieces.

Inventory:

Hand Weapons
 a - a +1 long sword (weapon)
Missiles
 c - 3 throwing nets (quivered)
Armour
 b - a +0 hat (worn)
 v - a +1 pair of boots (worn)
Jewellery
 j - a cursed ring of poison resistance (left hand)
 l - an uncursed ring of fire
 y - an uncursed ring of magical power
Wands
 r - a wand of flame (27)
Scrolls
 e - a scroll of fear {unknown}
 f - a scroll of enchant weapon
 g - a scroll of immolation {unknown}
 i - 2 scrolls of noise {unknown}
 m - 3 scrolls of remove curse
 o - 2 scrolls of teleportation
 q - a scroll of enchant armour {unknown}
 t - a scroll of fog {unknown}
 x - a scroll of amnesia {unknown}
 z - a scroll of blinking {unknown}
Potions
 d - a potion of magic
 h - a potion of mutation {unknown}
 k - a potion of cancellation {unknown}
 n - a potion of haste {unknown}
 s - a potion of brilliance
 w - a potion of invisibility
 B - a potion of resistance


   Skills:
 + Level 6.1 Fighting
 * Level 8.0 Long Blades
 - Level 2.0 Throwing
 + Level 5.4 Dodging


You had 7 spell levels left.
You didn't know any spells.
Your spell library was empty.

Dungeon Overview and Level Annotations

Branches:
Dungeon (6/15)
 Temple: D:4-7

Altars:
Ashenzari
Elyvilon
Gozag
Sif Muna

Annotations:
D:6 Majang's ghost, novice GrEE


Innate Abilities, Weirdness & Mutations

You can walk through water.
Your dull iron-grey scales are very hard. (AC +11)
You cannot fit into any form of body armour.
You can survive without breathing.
You are cold-blooded and may be slowed by cold attacks.


Message History

You closely miss Majang's ghost.
Majang's ghost is almost destroyed.
Majang's ghost casts a spell at you.
The blast of sand hits you but does no damage.
You closely miss Majang's ghost.
You tail-slap Majang's ghost, but do no damage.
Majang's ghost is almost destroyed.
Majang's ghost gestures at you while chanting.
The blast of sand misses you.
You hit Majang's ghost but do no damage.
You tail-slap Majang's ghost, but do no damage.
Majang's ghost is almost destroyed.
Majang's ghost hits you.
* * * LOW HITPOINT WARNING * * *
Majang's ghost burns you.
* * * LOW HITPOINT WARNING * * *
You closely miss Majang's ghost. You tail-slap Majang's ghost.
Majang's ghost is almost destroyed.
Majang's ghost hits you.
You die...

#.....# #.....# # ..
..#####.###### . #.
#............# #. #.
#######.####.########
##.##.
#.............# ...#.
#.####.######.#
..#... ####.## #.#
#.#
#.....########..@..#
#.# #.#
#..)........#W#.# #.#
#.# #.####.######≈###
#.# #.#.# # #.#.#
##≈## #.# #.#.. ..#
#.# #≈# #.# #.##. ###
## #≈# #.# #.##. #!#
#.##. #≈# #.##. #....


You could see Majang's ghost.

Vanquished Creatures
  Grinder (D:3)
  Sigmund (D:3)
  An ogre (D:4)
  2 centaurs
  A phantom (D:5)
  2 bullfrogs
  A water moccasin zombie (D:5)
  An electric eel (D:6)
  2 hounds
  2 iguanas
  5 orc wizards
  A worker ant (D:6)
  4 gnolls (D:2)
  10 adders
  A shadow imp (D:5)
  3 white imps
  An ufetubus (D:5)
  An adder skeleton (D:4)
  A worm (D:3)
  2 dart slugs
  A leopard gecko (D:1)
  8 orcs
  2 giant cockroaches
  10 goblins
  7 hobgoblins
  4 jackals
  10 kobolds
  3 quokkas
  8 bats
  3 frilled lizards
  8 rats
107 creatures vanquished.

Vanquished Creatures (others)
  An orc (D:5)
  A plant (D:6)
2 creatures vanquished.

Grand Total: 109 creatures vanquished

Notes
Turn   | Place    | Note
-------+----------+-------------------------------------------
     0 | D:1      | KristoblXynda the Draconian Gladiator began the quest for
                  | the Orb.
     0 | D:1      | Reached XP level 1. HP: 17/17 MP: 1/1
   596 | D:1      | Reached XP level 2. HP: 22/25 MP: 2/2
  1231 | D:2      | Reached XP level 3. HP: 24/30 MP: 3/3
  1688 | D:2      | Reached skill level 4 in Long Blades
  1688 | D:2      | Reached XP level 4. HP: 38/38 MP: 4/4
  2186 | D:2      | Found a faded altar of an unknown god.
  2186 | D:2      | Found a white marble altar of Elyvilon.
  2194 | D:2      | Found a shimmering blue altar of Sif Muna.
  2196 | D:2      | Found a faded altar of an unknown god.
  2198 | D:2      | Found a broken altar of Ashenzari.
  2204 | D:2      | Became a worshipper of Ashenzari the Shackled
  2482 | D:3      | Reached XP level 5. HP: 34/45 MP: 5/5
  2648 | D:3      | Noticed Sigmund
  2661 | D:3      | Killed Sigmund
  2662 | D:3      | Reached skill level 5 in Long Blades
  2662 | D:3      | Reached XP level 6. HP: 42/52 MP: 6/6
  2909 | D:3      | Noticed Grinder
  2937 | D:3      | Paralysed by Grinder for 4 turns
  2947 | D:3      | Paralysed by Grinder for 2 turns
  2950 | D:3      | Killed Grinder
  2951 | D:3      | Your scales start taking on a dull iron-grey colour.
  2951 | D:3      | Reached XP level 7. HP: 60/60 MP: 7/7
  2951 | D:3      | Gained mutation: You can survive without breathing. [Grey
                  | Draconian growth]
  2982 | D:3      | Reached skill level 6 in Long Blades
  3058 | D:3      | Found an opulent altar of Gozag.
  3901 | D:4      | Reached skill level 5 in Fighting
  4223 | D:4      | Found an opulent altar of Gozag.
  4667 | D:4      | Reached * piety under Ashenzari
  4733 | D:5      | Entered Level 5 of the Dungeon
  4843 | D:5      | Reached skill level 7 in Long Blades
  5032 | D:5      | Reached XP level 8. HP: 69/69 MP: 8/8
  5083 | D:5      | Reached skill level 5 in Dodging
  6000 | D:6      | Found a runed translucent door.
  6007 | D:6      | Noticed Majang's ghost (novice GrEE)
  6244 | D:6      | Reached skill level 8 in Long Blades
  6276 | D:6      | HP: 3/70 [Majang's ghost (6)]
  6277 | D:6      | Slain by Majang's ghost

Illustrated notes

Levels and vault maps discovered:
D:1:      kennysheep_arrival_forest, layout_loops_ring
D:2:      minmay_skewed_foursquare, layout_basic,
          chequers_temple_overflow_minitemple
D:3:      minmay_angry_zag, layout_loops_ring, marbit_many_paths, uniq_grinder,
          uniq_sigmund
D:4:      layout_gridville, nicolae_gozag_cash_rules_everything_around_me
D:5:      layout_gridville, minmay_crystal_room, grunt_decor_fettered,
          kennysheep_doodads
D:6:      layout_loops_ring, minmay_temple_entry_nine_rooms,
          ebering_ghost_sewer_d, serial_bayou, serial_bayou_shore_b,
          serial_bayou_shore_a, serial_bayou_pond_e, serial_bayou_pond_d,
          serial_bayou_lake_a, serial_bayou_shore_b, ashenzari_altar_1

Skill      XL: |  1  2  3  4  5  6  7  8 |
---------------+-------------------------+-----
Throwing       | 2 |  2.0
Dodging        | 3 4 5 |  5.4
Fighting       | 3 4 5 6 |  6.1
Long Blades    | 4 5 7 8 |  8.0

Action                   |  1- 3 |  4- 6 |  7- 9 || total
-------------------------+-------+-------+-------++-------
Melee: Long sword        |    75 |    95 |   263 ||   433
       Tailslap          |    13 |    13 |    48 ||    74
Invok: Curse Item        |       |     1 |       ||     1
  Use: Scroll            |       |     3 |     6 ||     9
       Potion            |       |     1 |     3 ||     4
 Stab: Sleeping          |     2 |     2 |       ||     4
Armor: Skin              |    19 |    23 |   135 ||   177
Dodge: Dodged            |    70 |    60 |   128 ||   258
       Rpst.: Long sword |    18 |    22 |    42 ||    82

Table legend: (Time is in decaauts)
 A = Elapsed time spent in this place.
 B = Non-inter-level travel time spent in this place.
 C = Inter-level travel time spent in this place.
 D = Time resting spent in this place.
 E = Time spent auto-exploring this place.
 F = Levels seen in this place.
 G = Mean time per level.
                   A        B        C        D        E       F      G
               +--------+--------+--------+--------+--------+-----+--------+
         Total |   6323 |   6222 |    101 |   1238 |   4026 |   6 | 1053.8 |
       Dungeon |   6323 |   6222 |    101 |   1238 |   4026 |   6 | 1053.8 |
               +--------+--------+--------+--------+--------+-----+--------+

Top non-repeatable levels by time:
     D:2: 1375 daAuts
     D:3: 1191 daAuts
     D:1: 1104 daAuts
     D:4: 1103 daAuts
     D:5: 921 daAuts
     D:6: 627 daAuts
